 Dungeon Crawl Stone Soup version 0.31-a0-188-g5e087ee2ca (webtiles) character file.

Game seed: 9319961345867073847

28 qw the Shooter (level 2, 0/16 HPs)
             Began as a Deep Elf Hunter on June 23, 2023.
             Succumbed to their own poison gas
             ... on level 1 of the Dungeon.
             The game lasted 00:00:16 (891 turns).

qw the Shooter (Deep Elf Hunter)                     Turns: 891, Time: 00:00:17

Health: 0/16       AC:  5    Str:  8    XL:     2   Next: 96%
Magic:  4/4        EV: 10    Int: 13    God:
Gold:   38         SH:  0    Dex: 18    Spells: 1/1 levels left

rFire   . . .        Y - +0 shortbow
rCold   . . .        (shield currently unavailable)
rNeg    . . .        g - +0 ring mail
rPois   .            (no helmet)
rElec   .            (no cloak)
rCorr   .            (no gloves)
SInv    .            (no boots)
Will    .....        (no amulet)
Stlth   +            (no ring)
HPRegen 0.22/turn    (no ring)
MPRegen 0.09/turn

%: no passive effects
@: lethally poisoned (0 -> -8)
A: no striking features
a: no special abilities


You were on level 1 of the Dungeon.
You visited 1 branch of the dungeon, and saw 1 of its levels.

You collected 38 gold pieces.


   Skills:
 - Level 1.5 Fighting
 + Level 6.6 Ranged Weapons
 - Level 2.4 Dodging
 - Level 1.2 Stealth


You had one spell level left.
You didn't know any spells.
Your spell library was empty.

Inventory:

Hand Weapons
 Y - a +0 shortbow (weapon)
Armour
 g - a +0 ring mail (worn)
Scrolls
 e - a scroll of identify
Potions
 h - a potion of cancellation
 i - a potion of brilliance {unknown}

Dungeon Overview and Level Annotations

Branches:
Dungeon (1/15)

Altars:


Message History

Really abort (and waste the scroll)?
Done exploring.
885 ||| READING scroll labelled XYONIU NAIFIFIU.
The air fills with toxic fumes!
As you read the scroll labelled XYONIU NAIFIFIU, it crumbles to dust.
It was a scroll of poison.
Done exploring.
886 ||| READING 2 scrolls of identify.
As you read the scroll of identify, it crumbles to dust.
h - a potion of cancellation;
886 ||| IDENTIFYING sapphire potion Done exploring.
887 ||| DROPPING scroll of butterflies.
You drop a scroll of butterflies.
Done exploring.
(D) Dungeon
Where to? (* - list waypoints, ? - help)
What level of the Dungeon? (default 1, ? - help) Sorry, I don't know how to get there.
Enter note:
Enter note:
Enter note:
Enter note:
Enter note:
Enter note:
Enter note:
Enter note:
Enter note:
Enter note:
Enter note:
Enter note: Really walk into that cloud of poison gas?
You are engulfed in poison gas.
You are lethally poisoned!
You feel very sick.
889 ||| Stepping ~*~*~tactically~*~*~ (cloud).
You feel very sick.
You see here a scroll of butterflies.
There is a lethal amount of poison in your body!
You feel very sick.
There is a lethal amount of poison in your body!
You die...

### #.#######
#.....¤¤#
#.#####¤# #.# #¤#
######'#####¤#
#........%.#¤#
#..........#¤#
#####..........#@#
...............#0#
####...........#¤#
#...........#¤#
####.#####+#####¤#
...........# #¤#
....>####### #¤#
...#.# #.# ...#.#
#.#


There were no monsters in sight!

Vanquished Creatures
  A dart slug (D:1)
  3 ball pythons (D:1)
  2 endoplasms (D:1)
  A giant cockroach (D:1)
  A goblin (D:1)
  4 hobgoblins (D:1)
  2 jackals (D:1)
  A kobold (D:1)
  A quokka (D:1)
  5 bats (D:1)
21 creatures vanquished.

Notes
Turn   | Place    | Note
-------+----------+-------------------------------------------
     0 | D:1      | qw the Deep Elf Hunter began the quest for the Orb.
     0 | D:1      | Reached XP level 1. HP: 12/12 MP: 3/3
     0 | D:1      | 0 ||| qw: Version: 0.3-a-9-g12657ce
     0 | D:1      | 0 ||| qw: Game counter: 4272
     0 | D:1      | 0 ||| qw: Always use a shield: true
     0 | D:1      | 0 ||| qw: God list: Okawaru
     0 | D:1      | 0 ||| qw: Allow faded altars: false
     0 | D:1      | 0 ||| qw: Do Orc after D:15 true
     0 | D:1      | 0 ||| qw: Do second Lair branch before Depths: true
     0 | D:1      | 0 ||| qw: Lair rune preference: random
     0 | D:1      | 0 ||| qw: Plans: Normal
     0 | D:1      | 0 ||| PLANNING D:1-11
   171 | D:1      | Reached skill level 6 in Ranged Weapons
   171 | D:1      | Reached XP level 2. HP: 16/16 MP: 4/4
   868 | D:1      | 868 ||| UPGRADING to +0 ring mail.
   878 | D:1      | 878 ||| DROPPING +0 leather armour.
   879 | D:1      | 879 ||| READING scroll labelled RICROI LAISK.
   884 | D:1      | 884 ||| READING 3 scrolls labelled BEIPRE UZYA.
   885 | D:1      | 885 ||| READING scroll labelled XYONIU NAIFIFIU.
   886 | D:1      | 886 ||| READING 2 scrolls of identify.
   886 | D:1      | 886 ||| IDENTIFYING sapphire potion
   887 | D:1      | 887 ||| DROPPING scroll of butterflies.
   889 | D:1      | 889 ||| Stepping ~*~*~tactically~*~*~ (cloud).
   889 | D:1      | HP: 4/16 [poisoned by you (poison gas)]
   891 | D:1      | Succumbed to their own poison gas

Levels and vault maps discovered:
D:1:      psy_arrival_conway, layout_basic, minmay_misc_feat_tiny,
          amcnicky_mini_pool_small

Skill      XL: |  1 |
---------------+----+-----
Ranged Weapons | 6 |  6.6
Fighting       | |  1.5
Dodging        | |  2.4
Stealth        | |  1.2

Action                     || total
---------------------------++-------
   Fire: Shortbow          ||    57
    Use: Scroll            ||     4
 Armour: Leather armour    ||     7
  Dodge: Dodged            ||    12

Table legend:
 A = Non-vault XP
 B = Vault XP
 C = Vault XP percentage of total XP
 D = Non-vault monster count
 E = Vault monster count
 F = Vault count percentage of total count
                 A         B        C        D         E       F
            +---------+---------+-------+---------+---------+-------
      Total |      40 |       0 |   0.0 |      21 |       0 |   0.0
            +---------+---------+-------+---------+---------+-------
        D:1 |      40 |       0 |   0.0 |      21 |       0 |   0.0
            +---------+---------+-------+---------+---------+-------
